 Dungeon Crawl Stone Soup version 0.19-a0-1626-g5215c36 (webtiles) character file.

3153 TheGoonsmith the Grappler (level 9, -3/81 (83) HPs)
             Began as a Ghoul Monk on Sept 18, 2016.
             Was a Believer of Makhleb.
             Slain by an orc warrior
             ... wielding a +0 long sword
              (9 damage)
             ... on level 7 of the Dungeon.
             The game lasted 00:11:37 (6140 turns).

TheGoonsmith the Grappler (Ghoul Monk)              Turns: 6140, Time: 00:11:39

HP:   -3/81 (83)    AC:  9    Str: 16    XL:     9   Next: 93%
MP:   8/8           EV:  7    Int:  9    God:    Makhleb [**....]
Gold: 370           SH:  0    Dex: 13    Spells: 0 memorised, 8 levels left

rFire  . . .     SeeInvis .       - Unarmed
rCold  + . .     Gourm    .     e - +0 chain mail
rNeg   + + +     Faith    .     (no shield)
rPois  ∞         Spirit   .     d - +0 helmet
rElec  .         Dismiss  .     (no cloak)
rCorr  +         Reflect  .     (no gloves)
MR     .....     Harm     .     (no boots)
Stlth  ..........               (no amulet)
                                n - +4 ring of intelligence
                                l - ring of resist corrosion

@: rotting, invisible
A: rotting body, claws 1, carnivore 3, cold resistance 1, negative energy
resistance 3, slow regeneration 1, torment resistance, unbreathing
a: Minor Destruction, Renounce Religion


You were on level 7 of the Dungeon.
You worshipped Makhleb.
Makhleb was pleased with you.
You were not hungry.

You visited 2 branches of the dungeon, and saw 9 of its levels.
You also visited: Ossuary.

You collected 370 gold pieces.

Inventory:

Missiles
 h - 5 javelins (quivered)
 p - 10 tomahawks
Armour
 a - a +0 robe
 d - a +0 helmet (worn)
 e - a +0 chain mail (worn)
 i - a +0 ring mail of positive energy
 D - the +2 leather armour "Umimu" {-Tele rC+ MP+9}
   (You found it on level 4 of the Dungeon)

   It protects you from cold.
   It affects your magic capacity (+9).
   It prevents most forms of teleportation.
 E - a +1 pair of gloves
Jewellery
 l - a ring of resist corrosion (left claw)
 n - a +4 ring of intelligence (right claw)
 F - an uncursed amulet of dismissal
Wands
 B - a wand of acid (0/15)
Scrolls
 j - 2 scrolls of enchant weapon
 k - a scroll of blinking
 m - a scroll of amnesia
 r - a scroll of identify
 H - a scroll of teleportation
 N - a scroll of fear {unknown}
 O - a scroll of remove curse
Potions
 g - 2 potions of lignification
 o - a potion of might
 q - a potion of curing
 t - a potion of resistance
 u - 2 potions of brilliance
 v - a potion of berserk rage {unknown}
 w - a potion of agility {unknown}
 x - 3 potions of degeneration {unknown}
 A - a potion of heal wounds {unknown}
 C - a potion of ambrosia
 G - a potion of magic {unknown}
 I - a potion of haste
 L - a potion of flight {unknown}
Books
 y - a book of Changes

   Spells                             Type                      Level
   a - Beastly Appendage              Transmutation                1
   b - Sticks to Snakes               Transmutation                2
   c - Spider Form                    Transmutation/Poison         3
   d - Ice Form                       Ice/Transmutation            4
   e - Blade Hands                    Transmutation                5
 z - a book of the Sky

   Spells                             Type                      Level
   a - Summon Lightning Spire         Summoning/Air                4
   b - Airstrike                      Air                          4
   c - Silence                        Hexes/Air                    5
   d - Deflect Missiles               Charms/Air                   6
   e - Conjure Ball Lightning         Conjuration/Air              6
   f - Tornado                        Air                          9
 K - a book of Alchemy

   Spells                             Type                      Level
   a - Sublimation of Blood           Necromancy                   2
   b - Ignite Poison                  Fire/Transmutation/Poison    3
   c - Petrify                        Transmutation/Earth          4
   d - Alistair's Intoxication        Transmutation/Poison         5
   e - Irradiate                      Conjuration/Transmutation    5
 M - a book of Frost

   Spells                             Type                      Level
   a - Freeze                         Ice                          1
   b - Throw Frost                    Conjuration/Ice              2
   c - Ozocubu's Armour               Charms/Ice                   3
   d - Throw Icicle                   Conjuration/Ice              4
   e - Summon Ice Beast               Ice/Summoning                4
Comestibles
 b - 5 meat rations
 c - a beef jerky
 f - a royal jelly
 J - 2 chunks of flesh


   Skills:
 + Level 9.1 Fighting
 - Level 2.6 Dodging
 - Level 2.1 Stealth
 * Level 12.3 Unarmed Combat


You had 8 spell levels left.
You didn't know any spells.

Dungeon Overview and Level Annotations

Branches:
Dungeon (8/15)             Temple (1/1) D:7
   Lair: D:8-11

Altars:
Cheibriados
Dithmenos
Kikubaaqudgha
Makhleb
Ru
Sif Muna
Trog


Innate Abilities, Weirdness & Mutations

Your body is rotting away.
You thrive on raw meat.
You are immune to poison.
You have sharp fingernails.
You are carnivorous and can eat meat at any time.
Your flesh is cold resistant. (rC+)
You are immune to negative energy. (rN+++)
You regenerate slowly when monsters are visible.
You are immune to unholy pain and torment.
You can survive without breathing.


Message History

The orc warrior hits you with a long sword.
The ice beast hits you but does no damage.
You completely miss the ice beast.
The ice beast is lightly wounded.
The ice beast barely misses you.
The orc warrior hits you with a long sword!
You barely miss the ice beast.
The ice beast is lightly wounded.
Your chain mail prevents you from hitting the ice beast.
The ice beast is lightly wounded.
The ice beast completely misses you.
The orc warrior hits you with a long sword!!
* * * LOW HITPOINT WARNING * * *
You fade into invisibility!
The ice beast hits you.
* * * LOW HITPOINT WARNING * * *
The ice beast freezes you. You resist.
* * * LOW HITPOINT WARNING * * *
The orc warrior hits you with a long sword!
You die...

#### #### ...## #..# ##..###
######..#
##...################.......#
###.........oo@Yo..<.####..#
#########.##########.........#
........).# ######.....[....#
.......#### #.......###....##
.......# #.###..###..#.##
.......## ##.##.......##.#
........# ##.......######.##
........####........# #..#
...............##.#.## ##.#


You could see an orc warrior, an ice beast and 2 orcs.

Vanquished Creatures
  Psyche (D:7)
  The ghost of AlphabetPasta the Caller, a novice HOSu of Ashenzari (D:5)
  Grinder (D:3)
  Menkaure (D:4)
  An ice beast (D:7)
  A sky beast (D:7)
  The ghost of Amciq the Chopper, an amateur HOMo (D:3)
  A phantom (D:5)
  2 centaurs
  An ogre (D:4)
  2 bullfrogs (D:6)
  2 water moccasin zombies (Ossuary)
  2 scorpions
  A water moccasin skeleton (D:7)
  A howler monkey (D:4)
  2 wights (D:7)
  2 crimson imps (D:7)
  4 hounds
  A bullfrog skeleton (D:6)
  2 jellies
  2 orc wizards (D:4)
  A human skeleton (D:4)
  A human zombie (D:4)
  3 orc priests
  Terence (D:3)
  An iguana (D:7)
  Natasha (twice) (D:2)
  6 worker ants
  3 big kobold zombies (Ossuary)
  A hound zombie (D:6)
  A hound skeleton (D:5)
  2 mummies (Ossuary)
  A worker ant zombie (D:6)
  11 adders
  An ooze (D:4)
  12 adder zombies
  2 adder skeletons
  5 worms
  2 dart slugs (D:2)
  4 leopard geckos
  17 orcs
  8 bats
  2 giant cockroaches (D:3)
  4 gnoll zombies (Ossuary)
  6 goblins
  7 hobgoblins
  3 jackals (D:1)
  A ball python (D:1)
  A frilled lizard (D:1)
  9 hobgoblin zombies (Ossuary)
  10 kobolds
  6 kobold zombies (Ossuary)
  3 orc skeletons (D:4)
  4 orc zombies
  A quokka skeleton (D:6)
  4 rats
178 creatures vanquished.

Notes
Turn   | Place    | Note
-------+----------+-------------------------------------------
     0 | D:1      | TheGoonsmith the Ghoul Monk began the quest for the Orb.
     0 | D:1      | Reached XP level 1. HP: 19/19 MP: 0/0
   278 | D:1      | Reached XP level 2. HP: 19/26 MP: 1/1
   573 | D:1      | Reached skill level 4 in Unarmed Combat
   803 | D:2      | Reached XP level 3. HP: 31/31 MP: 2/2
   868 | D:2      | Noticed Terence
  1029 | D:2      | Noticed Natasha
  1058 | D:2      | Killed Natasha
  1058 | D:2      | Reached skill level 5 in Unarmed Combat
  1058 | D:2      | Reached XP level 4. HP: 10/40 MP: 3/3
  1124 | D:2      | Noticed Natasha
  1780 | D:2      | Killed Natasha
  1780 | D:2      | Reached XP level 5. HP: 17/46 MP: 4/4
  2184 | D:3      | Killed Terence
  2425 | D:3      | Noticed Grinder
  2452 | D:3      | Killed Grinder
  2452 | D:3      | Reached skill level 5 in Fighting
  2452 | D:3      | Reached skill level 7 in Unarmed Combat
  2452 | D:3      | Reached XP level 6. HP: 33/56 MP: 5/5
  2586 | D:3      | Noticed Amciq's ghost (amateur HOMo)
  2603 | D:3      | Killed Amciq's ghost
  2603 | D:3      | Reached XP level 7. HP: 54/60 MP: 6/6
  2799 | D:3      | You fall through a shaft for 2 floors!
  2799 | D:5      | Entered Level 5 of the Dungeon
  3013 | D:4      | Reached skill level 8 in Unarmed Combat
  3040 | D:4      | Found a sand-covered staircase.
  3047 | Ossuary  | Entered an ossuary
  3269 | Ossuary  | Reached XP level 8. HP: 43/70 MP: 7/7
  3568 | D:4      | Reached skill level 9 in Unarmed Combat
  3916 | D:4      | Noticed Menkaure
  3924 | D:4      | Killed Menkaure
  4025 | D:4      | Reached skill level 10 in Unarmed Combat
  4100 | D:4      | Got a polished leather armour
  4111 | D:4      | Identified the +2 leather armour "Umimu" {-Tele rC+ MP+9} (You found it on level 4 of the Dungeon)
  4476 | D:5      | Noticed AlphabetPasta's ghost (novice HOSu)
  4504 | D:5      | Killed AlphabetPasta's ghost
  4504 | D:5      | Reached XP level 9. HP: 60/80 MP: 8/8
  4653 | D:5      | Reached skill level 11 in Unarmed Combat
  5571 | D:7      | Found a staircase to the Ecumenical Temple.
  5587 | Temple   | Entered the Ecumenical Temple
  5608 | Temple   | Became a worshipper of Makhleb the Destroyer
  5608 | Temple   | Reached * piety under Makhleb
  5608 | Temple   | Reached ** piety under Makhleb
  6058 | D:8      | Noticed Psyche
  6070 | D:7      | Killed Psyche
  6070 | D:7      | Reached skill level 12 in Unarmed Combat
  6140 | D:7      | Slain by an orc warrior

Vault maps used:
D:1:      dpeg_arrival_stonehenge_8_columns
D:2:      uniq_terence, uniq_natasha
D:3:      nrook_mini_backslash, uniq_grinder
D:4:      nicolae_ossuary_entry_catacombs, uniq_menkaure
D:5:      first_bread
D:7:      minivault_26
D:8:      serial_shops, shop, uniq_erica, uniq_psyche, uniq_maurice
Temple:   nicolae_temple_the_god_donut
Ossuary:  ossuary_tomb_2

Skill      XL: |  1  2  3  4  5  6  7  8  9 |
---------------+----------------------------+-----
Unarmed Combat | 4 5 7 8 10 12 | 12.3
Fighting       | 4 5 6 7 9 |  9.1
Dodging        | |  2.6
Stealth        | |  2.1

Action                   |  1- 3 |  4- 6 |  7- 9 || total
-------------------------+-------+-------+-------++-------
Melee: Unarmed           |   105 |   127 |   458 ||   690
       Punch             |     3 |     4 |    14 ||    21
Evoke: Wand              |       |       |     3 ||     3
  Use: Scroll            |       |     4 |    12 ||    16
       Potion            |       |     1 |     3 ||     4
 Stab: Sleeping          |     1 |     2 |       ||     3
       Invisible         |       |       |     5 ||     5
  Eat: Chunk             |     1 |     5 |    11 ||    17
       Meat ration       |       |       |     1 ||     1
Armor: Robe              |    17 |     3 |       ||    20
       Chain mail        |       |    35 |   200 ||   235
Dodge: Dodged            |    84 |    49 |   142 ||   275
